 Dungeon Sprint DCSS version 0.26-a0-1058-g8dc6ce00ff (webtiles) character file.

Game seed: 6991057180580709591

8 Adamkad1 the Shield-Bearer (level 2, -10/27 HPs)
             Began as a Palentonga Fighter on Dec 13, 2020.
             Was a Priest of Uskayaw.
             Mangled by a fire elemental (13 damage)
             ... summoned by a deep elf mage
             ... in the Dungeon (Sprint V: "Ziggurat Sprint").
             The game lasted 00:01:30 (105 turns).

Adamkad1 the Shield-Bearer (Palentonga Fighter)      Turns: 105, Time: 00:01:31

Health: -10/27     AC: 24    Str: 25    XL:     2   Next: 0%
Magic:  2/2        EV:  0    Int:  8    God:    Uskayaw [***...]
Gold:   0          SH: 29    Dex: 15    Spells: 1/1 levels left

rFire    . . .     SeeInvis +   E - +14 obsidian axe {vorpal, +Fly SInv *Curse} (curse)
rCold    . . .     Faith    .   F - +18 shield of the Gong {rElec rN+ Will+ EV-5}
rNeg     + . .     Spirit   .   a - +15 Maxwell's patent armour {-Cast -Tele rElec Will+ rCorr}
rPois    .         Reflect  .   (no helmet)
rElec    +         Harm     .   (no cloak)
rCorr    +         Rampage  .   (no gloves)
Will     ++...     NoTele   +   (no barding) Stlth ..........NoCast +
                                (no amulet)
HPRegen  0.09/turn              C - +6 ring of strength
MPRegen  0.08/turn              y - +6 ring of dexterity

@: mesmerised
A: large, rugged brown scales 3, see invisible, deformed body, roll 1, armoured
tail
a: Rolling Charge, Stomp, Line Pass, Renounce Religion, Evoke Flight


You were in the Dungeon.
You worshipped Uskayaw.
Uskayaw was noncommittal.
You visited 1 branch

Inventory:

Hand Weapons
 E - the cursed +14 obsidian axe (weapon) {vorpal, +Fly SInv *Curse}
   (You found it in the Dungeon)

   It inflicts extra damage upon your enemies.
   It lets you see invisible.
   It lets you fly.
   It curses itself when equipped.
   It has a curse placed upon it.
Armour
 a - the +15 Maxwell's patent armour (worn) {-Cast -Tele rElec Will+ rCorr}
   (You found it in the Dungeon)

   It insulates you from electricity.
   It affects your willpower, your defense against some magical effects.
   It prevents spellcasting.
   It prevents most forms of teleportation.
   It provides partial protection from all sources of acid and corrosion.
 F - the +18 shield of the Gong (worn) {rElec rN+ Will+ EV-5}
   (You found it in the Dungeon)

   It affects your evasion (-5).
   It insulates you from electricity.
   It protects you from negative energy.
   It affects your willpower, your defense against some magical effects.
Jewellery
 x - an uncursed ring of flight
 y - a +6 ring of dexterity (right hand)
 z - a +6 ring of dexterity
 A - a +6 ring of intelligence
 B - a +6 ring of intelligence
 C - a +6 ring of strength (left hand)
 D - a +6 ring of strength
Wands
 u - a wand of disintegration (7)
 v - a wand of iceblast (7)
 w - a wand of acid (7)
Scrolls
 j - 4 scrolls of blinking
 o - 4 scrolls of amnesia
 p - 7 scrolls of fog
 q - a scroll of holy word
 r - 5 scrolls of identify
 s - 5 scrolls of remove curse
 t - 2 scrolls of fear
Potions
 d - 6 potions of might
 e - 10 potions of curing
 f - 10 potions of heal wounds
 g - 6 potions of haste
 h - 7 potions of magic
 i - 3 potions of berserk rage
 k - 2 potions of brilliance
 l - 2 potions of invisibility
 m - 4 potions of resistance
Miscellaneous
 b - a lightning rod (4/4)


   Skills:
 + Level 3.0 Fighting
 * Level 2.0 Axes
 + Level 2.4 Armour
 + Level 6.7 Shields


You had one spell level left.
You didn't know any spells.
Your spell library was empty.

Dungeon Overview and Level Annotations

Branches:
Dungeon (1/1)

Altars:
Ashenzari
Cheibriados
Dithmenos
Elyvilon
Fedhas
Gozag
Hepliaklqana
Kikubaaqudgha
Makhleb
Nemelex Xobeh
Okawaru
Qazlal
Ru
Sif Muna
Trog
Uskayaw
Vehumet
Wu Jian
Xom
Yredelemnul
Zin
The Shining One
Beogh
Jiyva
Lugonu

Annotations:
D 1 transporter


Innate Abilities, Weirdness & Mutations

You are completely covered in rugged brown scales. (AC +3, +7% HP)
You have supernaturally acute eyesight. (SInv)
Armour fits poorly on your strangely shaped body.
You can roll at nearby foes to attack.
You have a long armoured tail.


Message History

You block the deep elf mage's attack.
GONNNNG!
The deep elf mage mumbles some strange words.
The deep elf mage blinks!
The deep elf mage hits you with a +0 long sword.
* * * LOW HITPOINT WARNING * * *
Uskayaw will force your foes to helplessly watch your dance.
Uskayaw prepares the audience for your solo!
The helpless deep elf mage fails to defend itself.
You slice the deep elf mage!!
You are no longer entranced.
You kill the deep elf mage!
The helpless fire elemental fails to defend itself.
You hit the fire elemental.
Visions of slaying the fire elemental flood into your mind.
The deep elf mage is no longer paralysed.
The fire elemental is no longer paralysed. x2
The deep elf mage casts a spell.
The fire elemental hits you. The fire elemental burns you!
You die...

▓▓▓▓▓▓▓
▓.8©8.▓
▓...e.▓
▓E).)E▓
▓§@...▓
▓.E...▓
▓.○©..▓
▓▓▓▓▓▓▓


You could see a deep elf mage and 3 fire elementals.

Vanquished Creatures
  A deep elf mage (D)
1 creature vanquished.

Notes
Turn   | Place    | Note
-------+----------+-------------------------------------------
     0 | D        | Adamkad1 the Palentonga Fighter began the quest for the
                  | Orb.
     0 | D        | Reached XP level 1. HP: 20/20 MP: 1/1
     0 | D        | Found a shimmering blue altar of Sif Muna.
     0 | D        | Found a bloodstained altar of Trog.
     0 | D        | Found a sacrificial altar of Ru.
     0 | D        | Found a stormy altar of Qazlal.
     0 | D        | Found an iron altar of Okawaru.
     1 | D        | Found a sparkling altar of Nemelex Xobeh.
     1 | D        | Found a blossoming altar of Fedhas.
     2 | D        | Found the +6 Majin-Bo {vamp, MP+6 Int+6}
     2 | D        | Found the +9 heavy crossbow "Sniper" {vorpal, Acc+∞ SInv}
     2 | D        | Found the +10 dark maul {vorpal}
     2 | D        | Found the +15 Maxwell's patent armour {-Cast -Tele rElec
                  | Will+ rCorr}
     2 | D        | Found the +18 shield of the Gong {rElec rN+ Will+ EV-5}
     2 | D        | Found the cursed +14 obsidian axe {vorpal, +Fly SInv
                  | *Curse}
     2 | D        | Found the +7 great mace "Firestarter" {inner flame, rF++}
     2 | D        | Found the +6 shillelagh "Devastator" {shatter}
     2 | D        | Found the +11 plutonium sword {*Contam Stlth-}
     2 | D        | Found the +8 lance "Wyrmbane" {slay drac, rPois rF+ rC+
                  | AC+3}
     2 | D        | Found the +9 sword of Zonguldrok {reap}
     2 | D        | Found the cursed +13 scythe of Curses {drain, *Curse}
     2 | D        | Found the +0 sword of Power
     2 | D        | Found the +7 mace of Variability {chain chaos}
     2 | D        | Found the +7 Singing Sword {vorpal, sonic wave}
     2 | D        | Found the +8 storm bow {elec, penet}
     3 | D        | Found a transporter.
     3 | D        | Found an ancient bone altar of Kikubaaqudgha.
     3 | D        | Found a viscous altar of Jiyva.
     3 | D        | Found a corrupted altar of Lugonu.
     3 | D        | Found a hazy altar of Hepliaklqana.
     3 | D        | Found a burning altar of Makhleb.
     3 | D        | Found an opulent altar of Gozag.
    66 | D        | Reached skill level 6 in Shields
    66 | D        | Reached XP level 2. HP: 27/27 MP: 2/2
    86 | D        | Became a worshipper of Uskayaw the Reveller
   100 | D        | Entered arena 2.
   100 | D        | Noticed a deep elf mage
   100 | D        | Noticed a deep elf mage
   100 | D        | Found a transporter.
   101 | D        | Reached * piety under Uskayaw
   103 | D        | Reached ** piety under Uskayaw
   104 | D        | Reached *** piety under Uskayaw
   105 | D        | Noticed a fire elemental
   105 | D        | Noticed a fire elemental
   105 | D        | Killed a deep elf mage
   105 | D        | Mangled by a fire elemental

Illustrated notes

Levels and vault maps discovered:
D:        sprint_v [room_start, room_1, room_2, room_3, room_4, room_5, room_6,
          room_7, room_8, room_9, room_10, room_11, room_12, room_13, room_14,
          room_15, room_16, room_17, room_18, room_19, room_20, room_21,
          room_22, room_23, room_24, room_25, room_26, room_27]

Skill      XL: |  1 |
---------------+----+-----
Shields        | 6 |  6.7
Fighting       | |  3.0
Axes           | |  2.0
Armour         | |  2.4

Action                   || total
-------------------------++-------
Melee: Broad axe         ||     5
       Tailslap          ||     1
 Abil: Rolling Charge    ||     1
  Use: Potion            ||     1
 Stab: Paralysed         ||     2
Armor: Plate armour      ||     1
Block: Kite shield       ||     4

Table legend: (Time is in decaauts)
 A = Elapsed time spent in this place.
 B = Non-inter-level travel time spent in this place.
 C = Inter-level travel time spent in this place.
 D = Time resting spent in this place.
 E = Time spent auto-exploring this place.
 F = Levels seen in this place.
 G = Mean time per level.
                   A        B        C        D        E       F      G
               +--------+--------+--------+--------+--------+-----+--------+
         Total |    106 |    106 |      0 |      0 |      0 |   1 |  106.0 |
       Dungeon |    106 |    106 |      0 |      0 |      0 |   1 |  106.0 |
               +--------+--------+--------+--------+--------+-----+--------+

Top non-repeatable levels by time:
       D: 106 daAuts
